 Dungeon Crawl Stone Soup version 0.31-a0-506-g3d79149578 (webtiles) character file.

Game seed: 5245661798876998725

4 GordonOverkill the Sneak (level 1, -1/16 HPs)
             Began as an Octopode Delver on Aug 9, 2023.
             Succumbed to a scorpion's poison
             ... on level 5 of the Dungeon.
             The game lasted 00:00:41 (159 turns).

GordonOverkill the Sneak (Octopode Delver)           Turns: 159, Time: 00:00:42

Health: -1/16      AC:  1    Str: 11    XL:     1   Next: 60%
Magic:  1/1        EV: 13    Int: 12    God:
Gold:   0          SH:  0    Dex: 13    Spells: 0/0 levels left

rFire   . . .        a - +0 short sword
rCold   . . .        (no shield)
rNeg    . . .        (helmet restricted)
rPois   .            (no amulet)
rElec   .            (no ring)
rCorr   .            (no ring)
SInv    .            (no ring)
Will    .....        (no ring)
Stlth   ++++         (no ring)
HPRegen 0.22/turn    (no ring)
MPRegen 0.07/turn    (no ring)
                     (no ring)

%: no passive effects
@: lethally poisoned (-1 -> -7)
A: almost no armour, amphibious, 8 rings, camouflage 1, gelatinous body 1,
(nimble swimmer 1), tentacles
a: no special abilities


You were on level 5 of the Dungeon.
You visited 1 branch of the dungeon, and saw 1 of its levels.

Inventory:

Hand Weapons
 a - a +0 short sword (weapon)
Wands
 f - a wand of digging (3)
Scrolls
 b - a scroll of fog
 c - a scroll of revelation
 d - a scroll of fear
 h - a scroll of teleportation {unknown}
Potions
 e - a potion of haste
 g - a potion of might {unknown}


   Skills:
 - Level 3.0 Fighting
 + Level 2.4 Short Blades
 - Level 2.0 Dodging
 - Level 6.6 Stealth


You couldn't memorise any spells.
You didn't know any spells.
Your spell library was empty.

Dungeon Overview and Level Annotations

Branches:
Dungeon (5/15)
 Temple: D:4-7

Altars:


Innate Abilities, Weirdness & Mutations

You cannot wear most types of armour.
You are amphibious.
You can wear up to eight rings at the same time.
Your skin changes colour to match your surroundings (Stealth+).
Your rubbery body absorbs attacks. (AC +1, EV +1)
((You are camouflaged when in or above water. (Stealth+)))
You have tentacles for arms and can constrict up to eight enemies at once.


Message History

You see here a jackal corpse.
A scorpion comes into view.
You hear the slow rusting of a drain very nearby.
You closely miss the scorpion. You grab the scorpion.
You constrict the scorpion, but do no damage.
The scorpion stings you. The scorpion completely misses you.
You hit the scorpion.
The scorpion is lightly wounded.
You constrict the scorpion.
The scorpion stings you but does no damage.
You hit the scorpion.
The scorpion is lightly wounded.
You constrict the scorpion, but do no damage.
The scorpion stings you.
You hit the scorpion but do no damage.
You tentacle-slap the scorpion, but do no damage.
Your squeeze misses the scorpion.
The scorpion is lightly wounded.
You constrict the scorpion, but do no damage.
The scorpion stings you!
* * * LOW HITPOINT WARNING * * *
You are lethally poisoned!
The scorpion poisons you!
You hit the scorpion but do no damage.
The scorpion is lightly wounded.
You constrict the scorpion, but do no damage.
* * * LOW HITPOINT WARNING * * *
You feel very sick. The scorpion barely misses you.
You hit the scorpion but do no damage. You squeeze the scorpion.
The scorpion is moderately wounded.
You constrict the scorpion.
* * * LOW HITPOINT WARNING * * *
You feel sick.
The scorpion stings you but does no damage.
You completely miss the scorpion.
You squeeze the scorpion, but do no damage.
The scorpion is heavily wounded.
You constrict the scorpion.
You die...

##.##.............#
##.##.#.######.####
......#.# #.# ##.####.#
#.# #.......# ##.##
........# ##...## ###..
.>......# #.###.##......
........# #.# #.s.......
........####.###@##......
................## ###..
........###.##.##
.#########.....# #......#
##.#### #.####.# ###
#.####.# ....##.####
#.#.##....#


You could see a scorpion.

Vanquished Creatures
  3 jackals (D:5)
3 creatures vanquished.

Notes
Turn   | Place    | Note
-------+----------+-------------------------------------------
     0 | D:5      | GordonOverkill the Octopode Delver began the quest for the
                  | Orb.
     0 | D:5      | Reached XP level 1. HP: 16/16 MP: 1/1
    51 | D:5      | Noticed an ogre
   151 | D:5      | Noticed a scorpion
   159 | D:5      | Succumbed to a scorpion's poison

Illustrated notes

Levels and vault maps discovered:
D:5:      layout_loops_cross, kennysheep_mini_moat,
          amethyst_overflow_temple_binary, lightli_sewer_entry_pipes

Action                     || total
---------------------------++-------
  Melee: Short sword       ||    12
         Tentacles         ||     4
         Constrict         ||     2
         Punch             ||     2
   Stab: Sleeping          ||     1
 Armour: Skin              ||     2
  Dodge: Dodged            ||     8

Table legend: (Time is in decaauts)
 A = Elapsed time spent in this place.
 B = Non-inter-level travel time spent in this place.
 C = Inter-level travel time spent in this place.
 D = Time resting spent in this place.
 E = Time spent auto-exploring this place.
 F = Levels seen in this place.
 G = Mean time per level.
                   A        B        C        D        E       F      G
               +--------+--------+--------+--------+--------+-----+--------+
         Total |    157 |    136 |     21 |     16 |      0 |   1 |  157.0 |
       Dungeon |    157 |    136 |     21 |     16 |      0 |   1 |  157.0 |
               +--------+--------+--------+--------+--------+-----+--------+

Top non-repeatable levels by time:
     D:5: 157 daAuts
